 Dungeon Crawl Stone Soup version 0.18.1-48-g4cf74bf (webtiles) character file.

9634 nikopol the Cleaver (level 11, -2/99 HPs)
             Began as a Hill Orc Berserker on Aug 9, 2016.
             Was a High Priest of Trog.
             Slain by a blink frog (9 damage)
             ... on level 1 of the Lair of Beasts.
             The game lasted 00:28:28 (11724 turns).

nikopol the Cleaver (Hill Orc Berserker)           Turns: 11724, Time: 00:28:29

Health: -2/99      AC: 13    Str: 22    XL:     11   Next: 49%
Magic:  11/11      EV: 12    Int:  7    God:    Trog [*****.]
Gold:   487        SH:  0    Dex: 16    Spells: 0 memorised, 10 levels left

rFire  . . .     SeeInvis .     a - +2 battleaxe (flame)
rCold  . . .     Gourm    .     w - +0 chain mail of Bemaaz {MR+ Dex+4}
rNeg   + . .     Faith    .     (shield currently unavailable)
rPois  .         Spirit   .     (no helmet)
rElec  .         Dismiss  .     N - +0 cloak
rCorr  .         Reflect  .     (no gloves)
SustAt .         Harm     .     S - +0 pair of boots
MR     ++...                    (no amulet)
Stlth  ..........               j - ring of protection from magic
                                U - ring of positive energy

@: very resistant to hostile enchantments, extremely unstealthy
A: no striking features
a: Berserk, Trog's Hand, Brothers in Arms, Burn Spellbooks, Renounce Religion


You were on level 1 of the Lair of Beasts.
You worshipped Trog.
Trog was extremely pleased with you.
You were not hungry.

You visited 2 branches of the dungeon, and saw 10 of its levels.

You collected 487 gold pieces.

Inventory:

Hand Weapons
 a - a +2 battleaxe of flaming (weapon)
 z - a +0 shortbow
Missiles
 i - 121 arrows (quivered)
Armour
 w - the +0 chain mail of Bemaaz (worn) {MR+ Dex+4}
   (You found it on level 6 of the Dungeon)

   It affects your dexterity (+4).
   It affects your resistance to hostile enchantments.
 D - a +0 plate armour of magic resistance
 N - a +0 cloak (worn)
 S - a +0 pair of boots (worn)
Jewellery
 j - a ring of protection from magic (right hand)
 s - an uncursed ring of protection from cold
 y - an uncursed ring of sustain attributes
 U - a ring of positive energy (left hand)
Scrolls
 e - a scroll of random uselessness {unknown}
 g - 2 scrolls of fear
 h - 2 scrolls of enchant armour {unknown}
 k - 5 scrolls of remove curse
 u - 2 scrolls of immolation {unknown}
 C - a scroll of fog {unknown}
 E - a scroll of holy word {unknown}
 K - a scroll of vulnerability {unknown}
 L - a scroll of noise {unknown}
 Q - a scroll of enchant weapon {unknown}
Potions
 d - 3 potions of heal wounds
 f - 5 potions of curing
 l - a potion of flight
 n - a potion of cancellation
 q - 3 potions of might
 r - a potion of magic
 t - a potion of resistance
 v - 2 potions of brilliance
 I - a potion of haste {unknown}
 J - a potion of lignification {unknown}
Comestibles
 b - 4 chunks of flesh
 c - 9 bread rations
 F - 8 beef jerkies
 H - a meat ration


   Skills:
 + Level 9.9 Fighting
 * Level 12.4 Axes
 * Level 7.1 Bows
 + Level 8.1 Armour
 + Level 6.4 Dodging


You had 10 spell levels left.
You didn't know any spells.

Dungeon Overview and Level Annotations

Branches:
Dungeon (9/15)             Temple (0/1) D:5            Lair (1/8) D:9
    Orc: D:9-12

Altars:
Fedhas
Makhleb
Nemelex Xobeh
Trog
Vehumet
Xom
Yredelemnul
Zin
The Shining One

Shops:
D:9 (*


Message History

You slash the porcupine! You burn the porcupine.
The porcupine is almost dead.
The blink frog hits you.
* * * LOW HITPOINT WARNING * * *
The blink frog blinks!
The porcupine completely misses you.
The blink frog blinks!
You are struck by the porcupine's spines.
* * * LOW HITPOINT WARNING * * *
You slice the porcupine!! You burn the porcupine.
You kill the porcupine!
Trog accepts your kill.
The blink frog blinks!
The blink frog blinks!
Things that are here:
an arrow; a porcupine corpse You miss the blink frog.
The blink frog is heavily wounded.
The blink frog hits you but does no damage.
The blink frog hits you!
You die...

# ### ### ####P#######
..###.....(....#
..'.#..........#
..#.#........§.#
.##.#..........# #
..#........F.((###.#####
###.+......§..('@F.(.((.
###..........#####.##.
###÷######## #.##.# ##
#...## ######.#### ####
##.+##### #.........# .#.#
#.......# #.........#
..#####.......####.........+
..##..'.......##...........#


You could see 2 blink frogs.

Vanquished Creatures
  The ghost of Elystan the Ducker, a novice TrWz (D:6)
  A centaur zombie (D:8)
  A komodo dragon (Lair:1)
  A blink frog (Lair:1)
  13 yaks
  Eustachio (D:5)
  A wyvern (D:8)
  A basilisk (Lair:1)
  A hungry ghost (D:9)
  3 hippogriffs
  Menkaure (D:5)
  2 water moccasins (Lair:1)
  A porcupine (Lair:1)
  2 orc warriors
  A black bear (D:8)
  An ice beast (D:9)
  A sky beast (D:8)
  A phantom (D:8)
  A necrophage (D:7)
  A wasp (D:8)
  8 ogres
  4 centaurs
  2 crocodiles (D:9)
  9 giant frogs
  A big kobold (D:7)
  6 scorpions
  5 killer bees (D:9)
  5 wights (D:7)
  2 howler monkeys
  An electric eel (D:6)
  A giant frog zombie (D:5)
  6 crimson imps
  3 hounds
  4 orc priests
  A jelly (D:7)
  A centaur skeleton (D:9)
  4 worker ants
  4 iguanas
  11 orc wizards
  11 sheep (Lair:1)
  A hound skeleton (D:4)
  A howler monkey zombie (D:6)
  A worker ant zombie (D:5)
  10 gnolls
  9 adders
  7 river rats
  2 shadow imps
  2 oozes
  2 adder zombies
  An adder skeleton (D:5)
  3 worms
  3 dart slugs
  7 giant geckos
  36 orcs
  6 giant cockroaches
  8 goblins
  12 hobgoblins
  9 jackals
  6 kobolds
  5 quokkas
  4 ball pythons
  14 bats
  2 giant gecko zombies
  2 giant newts
  23 rats
  2 fungi (D:9)
  2 plants (D:9)
305 creatures vanquished.

Vanquished Creatures (others)
  A bush (Lair:1)
  3 fungi
  A plant (Lair:1)
5 creatures vanquished.

Grand Total: 310 creatures vanquished

Notes
Turn   | Place    | Note
--------------------------------------------------------------
     0 | D:1      | nikopol the Hill Orc Berserker began the quest for the Orb.
     0 | D:1      | Reached XP level 1. HP: 19/19 MP: 1/1
   180 | D:1      | Reached XP level 2. HP: 3/27 MP: 2/2
   854 | D:1      | Reached XP level 3. HP: 33/33 MP: 3/3
   940 | D:1      | Reached ** piety under Trog
  1444 | D:2      | Found a shimmering altar of Xom.
  1447 | D:2      | Found a burning altar of Makhleb.
  1645 | D:2      | Reached XP level 4. HP: 30/41 MP: 4/4
  2086 | D:2      | Reached skill level 5 in Fighting
  2308 | D:3      | Reached XP level 5. HP: 48/48 MP: 5/5
  2313 | D:3      | Reached *** piety under Trog
  2314 | D:3      | Reached skill level 5 in Axes
  3192 | D:3      | Reached XP level 6. HP: 19/56 MP: 6/6
  3727 | D:4      | Reached **** piety under Trog
  3969 | D:4      | Reached XP level 7. HP: 53/62 MP: 7/7
  3992 | D:4      | Reached skill level 6 in Axes
  4767 | D:5      | Entered Level 5 of the Dungeon
  4811 | D:5      | Noticed Eustachio
  4831 | D:5      | Killed Eustachio
  5199 | D:5      | Found a staircase to the Ecumenical Temple.
  5206 | D:5      | Reached XP level 8. HP: 67/71 MP: 8/8
  5252 | D:5      | Noticed Menkaure
  5259 | D:5      | Killed Menkaure
  5259 | D:5      | Reached skill level 7 in Axes
  5259 | D:5      | Reached skill level 1 in Bows
  5259 | D:5      | Reached skill level 5 in Armour
  5623 | D:5      | Found a sparkling altar of Nemelex Xobeh.
  5816 | D:5      | Found a radiant altar of Vehumet.
  5827 | D:5      | Found a blossoming altar of Fedhas.
  5830 | D:5      | Found a basalt altar of Yredelemnul.
  5866 | D:5      | Received a gift from Trog
  6063 | D:6      | Reached skill level 8 in Axes
  6379 | D:6      | Got a shimmering chain mail
  6385 | D:6      | Reached XP level 9. HP: 79/79 MP: 9/9
  6428 | D:6      | Identified the cursed +0 chain mail of Bemaaz {MR+ Dex+4} (You found it on level 6 of the Dungeon)
  6468 | D:6      | Reached ***** piety under Trog
  6582 | D:6      | Noticed Elystan's ghost (novice TrWz)
  6602 | D:6      | Killed Elystan's ghost
  6602 | D:6      | Reached skill level 9 in Axes
  6700 | D:6      | Found a bloodstained altar of Trog.
  6717 | D:6      | Found a glowing golden altar of the Shining One.
  7020 | D:7      | Received a gift from Trog
  7062 | D:7      | Reached skill level 5 in Dodging
  7674 | D:7      | Reached skill level 10 in Axes
  7724 | D:7      | Reached XP level 10. HP: 90/90 MP: 10/10
  7806 | D:7      | Reached skill level 5 in Bows
  8668 | D:8      | Reached skill level 11 in Axes
  9251 | D:8      | Received a gift from Trog
  9699 | D:9      | Found Zin's Purification Station.
  9702 | D:9      | Found a glowing silver altar of Zin.
 10193 | D:9      | Received a gift from Trog
 10506 | D:9      | Found Ceal's Antique Weapon Emporium.
 10554 | D:9      | Found a staircase to the Lair.
 10637 | Lair:1   | Entered Level 1 of the Lair of Beasts
 10639 | Lair:1   | Reached XP level 11. HP: 79/97 MP: 11/11
 10747 | Lair:1   | Reached skill level 12 in Axes
 11724 | Lair:1   | Slain by a blink frog

Skill      XL: |  1  2  3  4  5  6  7  8  9 10 11 |
---------------+----------------------------------+-----
Fighting       | 4 5 6 7 8 9 |  9.9
Dodging        | 2 3 4 5 6 |  6.4
Armour         | 3 4 5 6 7 8 |  8.1
Axes           | 5 6 8 10 11 12 | 12.4
Bows           | 2 4 6 7 |  7.1

Action                   |  1- 3 |  4- 6 |  7- 9 | 10-12 || total
-------------------------+-------+-------+-------+-------++-------
Melee: Hand axe          |   115 |   148 |   315 |   132 ||   710
       Battleaxe         |       |       |       |   121 ||   121
 Fire: Shortbow          |       |       |   127 |   211 ||   338
Invok: Berserk           |     3 |     3 |     4 |     3 ||    13
       Burn Spellbooks   |       |       |       |     2 ||     2
  Use: Scroll            |       |     5 |     1 |     5 ||    11
  Eat: Chunk             |     5 |    11 |    13 |    15 ||    44
       Beef jerky        |       |       |     1 |     1 ||     2
       Pizza             |       |       |     1 |       ||     1
Armor: Leather armour    |    43 |    26 |       |       ||    69
       Animal skin       |     1 |       |       |       ||     1
       Ring mail         |       |    17 |       |       ||    17
       Scale mail        |       |       |    51 |       ||    51
       Chain mail        |       |       |    49 |   106 ||   155
       Plate armour      |       |       |       |    20 ||    20
Dodge: Dodged            |    70 |   108 |   144 |   171 ||   493
